 Dungeon Crawl Stone Soup version 0.31-a0-640-g39d97e502b (webtiles) character file.

Game seed: 12774357118679616217

11 GordonOverkill the Sneak (level 2, 0/16 HPs)
             Began as a Vine Stalker Delver on Aug 28, 2023.
             Slain by a mummy (1 damage)
             ... in an ossuary.
             The game lasted 00:03:03 (626 turns).

GordonOverkill the Sneak (Vine Stalker Delver)       Turns: 626, Time: 00:03:04

Health: 0/16       AC: 17    Str: 17    XL:     2   Next: 29%
Magic:  0/0        EV:  1    Int: 10    God:
Gold:   52         SH:  0    Dex: 15    Spells: 1/1 levels left

rFire   . . .        a - +0 spear
rCold   . . .        (no shield)
rNeg    . . .        p - +0 crystal plate armour
rPois   .            (no helmet)
rElec   .            r - +2 cloak of Context {Rampage MP-9 Str+3}
rCorr   .            (no gloves)
SInv    .            (no boots)
Will    .....        (no amulet) Stlth
                     (no ring)
HPRegen 0.22/turn    (no ring)
MPRegen 0.07/turn

%: guardian spirit, rampage
@: no status effects
A: fangs 2, magic shield, antimagic bite, no potion heal 2
a: no special abilities


You were in an ossuary.
You visited 1 branch of the dungeon, and saw 4 of its levels.
You also visited: Ossuary.

You collected 52 gold pieces.

Inventory:

Hand Weapons
 a - a +0 spear (weapon)
Missiles
 h - 7 poisoned darts (quivered)
Armour
 b - a +0 leather armour
 i - a +0 chain mail
 p - a +0 crystal plate armour (worn)
 r - the +2 cloak of Context (worn) {Rampage MP-9 Str+3}
   (You found it on level 8 of the Dungeon)

   Str+3:     It affects your strength (+3).
   MP-9:      It affects your magic capacity (-9).
   Rampage:   It bestows one free step when moving towards enemies.
Wands
 g - a wand of digging (3)
Scrolls
 c - a scroll of fog
 d - a scroll of identify {unknown}
 k - a scroll of brand weapon {unknown}
 l - a scroll of blinking {unknown}
 m - a scroll of amnesia {unknown}
 o - a scroll of torment {unknown}
 s - a scroll of fear
Potions
 e - a potion of brilliance {unknown}
 f - a potion of haste
 j - a potion of magic {unknown}
 n - a potion of enlightenment {unknown}
 q - a potion of lignification {unknown}


   Skills:
 - Level 2.6 Fighting
 - Level 2.0 Polearms
 + Level 0.7 Throwing
 + Level 0.5 Armour
 + Level 1.8 Dodging
 - Level 6.0 Stealth


You had one spell level left.
You didn't know any spells.
Your spell library was empty.

Dungeon Overview and Level Annotations

Branches:
Dungeon (8/15)            Ossuary (1/1)
 Temple: D:4-7         Lair: D:8-11

Altars:

Annotations:
D:7 Dowan, Duvessa, Pikel


Innate Abilities, Weirdness & Mutations

You have extremely sharp teeth.
When hurt, damage is shared between your health and your magic reserves.
Your bite disrupts and absorbs the magic of your enemies.
Potions cannot restore your health.


Message History

You hit the rat zombie.
The rat zombie is almost destroyed.
The rat zombie bites you but does no damage.
You hit the rat zombie.
You destroy the rat zombie!
No target in view!
No target in view!
There is an open door here.
There is an open door here.
A mummy comes into view.
You rampage towards the mummy!
You reach to attack!
You barely miss the mummy.
You reach to attack!
You barely miss the mummy. You closely miss the mummy. You bite the mummy.
You drain its power.
The mummy is lightly damaged.
You hit the mummy but do no damage.
The mummy is lightly damaged.
The mummy hits you but does no damage.
You hit the mummy but do no damage. You bite the mummy. You drain its power.
The mummy is heavily damaged.
The mummy hits you!
Ouch! That really hurt!
* * * LOW HITPOINT WARNING * * *
You are too injured to fight recklessly!
You hit the mummy. You punch the mummy. You bite the mummy.
You drain its power.
The mummy is heavily damaged.
You are too injured to fight recklessly!
You hit the mummy. You bite the mummy. You drain its power.
The mummy is severely damaged.
The mummy hits you!
Ouch! That really hurt!
* * * LOW HITPOINT WARNING * * *
You are too injured to fight recklessly!
You hit the mummy. Your bite misses the mummy.
The mummy is almost destroyed.
You completely miss the mummy. Your bite misses the mummy.
The mummy is almost destroyed.
The mummy hits you.
You die...

######.'..#
#....'.#..#
#....#.#..#
#....###..#
#....#.'..#
######.#..#
#...#..#
+###+#####..#
......M@....#
...........∩#
#############


You could see a mummy.

Vanquished Creatures
  An adder zombie (Ossuary)
  A gnoll zombie (Ossuary)
  A goblin zombie (Ossuary)
  A kobold zombie (Ossuary)
  2 quokka zombies (Ossuary)
  6 rat zombies (Ossuary)
12 creatures vanquished.

Notes
Turn   | Place    | Note
-------+----------+-------------------------------------------
     0 | D:5      | GordonOverkill the Vine Stalker Delver began the quest for
                  | the Orb.
     0 | D:5      | Reached XP level 1. HP: 11/11 MP: 2/2
    47 | D:6      | Noticed a scorpion
    64 | D:6      | Noticed a sky beast
    74 | D:7      | Noticed Duvessa
    91 | D:7      | Noticed Pikel
    91 | D:7      | Noticed a lemure
    91 | D:7      | Noticed a lemure
    91 | D:7      | Noticed a lemure
    91 | D:7      | Noticed a lemure
    91 | D:7      | Noticed a two-headed ogre
    91 | D:7      | Noticed Dowan
    96 | D:7      | Noticed a bullfrog
   101 | D:8      | Noticed a steam dragon
   149 | D:8      | Noticed an orc warrior
   304 | D:8      | Identified the +2 cloak of Context {Rampage MP-9 Str+3}
   311 | D:8      | Noticed a killer bee
   333 | D:8      | Found a sand-covered staircase.
   352 | Ossuary  | Entered an ossuary
   530 | Ossuary  | Reached XP level 2. HP: 16/16 MP: 0/3
   626 | Ossuary  | Slain by a mummy

Illustrated notes

Levels and vault maps discovered:
D:5:      wander_river, layout_rooms, uniq_edmund, uniq_grinder
D:6:      layout_gridville, grunt_temple_overflow_open,
          minmay_temple_entry_poolview, uniq_blork_the_orc, uniq_menkaure,
          uniq_eustachio
D:7:      gammafunk_beogh_shrine, layout_basic, uniq_duvessa, uniq_pikel
D:8:      layout_basic, chequers_ossuary_entry_cave, dreamdust_mushroom_princess
Ossuary:  ossuary_boxes_badplayer

Skill      XL: |  1 |
---------------+----+-----
Polearms       | 2 |  2.0
Fighting       | |  2.6
Throwing       | |  0.7
Armour         | |  0.5
Dodging        | |  1.8
Stealth        | |  6.0

Action                     || total
---------------------------++-------
  Melee: Spear             ||    53
         Bite              ||    20
         Punch             ||     1
    Use: Scroll            ||     2
 Armour: Crystal plate arm ||    22
  Dodge: Dodged            ||     1

Table legend: (Time is in decaauts)
 A = Elapsed time spent in this place.
 B = Non-inter-level travel time spent in this place.
 C = Inter-level travel time spent in this place.
 D = Time resting spent in this place.
 E = Time spent auto-exploring this place.
 F = Levels seen in this place.
 G = Mean time per level.
                   A        B        C        D        E       F      G
               +--------+--------+--------+--------+--------+-----+--------+
         Total |    624 |    600 |     24 |    100 |      0 |   5 |  124.8 |
       Dungeon |    351 |    327 |     24 |      0 |      0 |   4 |   87.8 |
       Ossuary |    273 |    273 |      0 |    100 |      0 |   1 |  273.0 |
               +--------+--------+--------+--------+--------+-----+--------+

Top non-repeatable levels by time:
 Ossuary: 273 daAuts
     D:8: 250 daAuts
     D:6: 72 daAuts
     D:7: 26 daAuts
     D:5: 1 daAuts
